Unix NetHack Version 5.0.0-0 post-release - last build Jun 10 2026 00:39:30 (3ee93aec679c4c4259841fe613dc97188e26a321,branch:main).

Game began 2026-06-29 05:12:16, ended 2026-06-29 05:33:41.

Brudee, chaotic female human Rogue

         ------
         |..).|      #########
         |.....##   ##      -|--------------
         ------ #  ##       |........{.....|
               #####        |..........._..-#
               ## ##        |.......>......|###
                #           ----.-----------  ##                   ----------
                #               #              ##            ######.....<...|
                ##   #          #               ##### #############|.......`|
                 #####          ##                  # #------     #-..{.....|
                     ###         #                  @ #|....|     #----------
                     ###         #                  #q#|....|
 ----------------      # ----.---|-------             #-.....
 |...............##    ##................            ##|....|
 |..............| ###    |..............|            ##.:...|
 |..............|   #####................              ------
 |..............|        ----------------
 ----------------

Brudee the Cutpurse     St:13 Dx:18 Co:9 In:12 Wi:14 Ch:10  Chaotic S:810
Dlvl:5  $:98 HP:0(37) Pw:21(21) AC:6  Xp:4/103 T:1914 

Latest messages:
 A scroll labeled GHOTI lands on the altar.
 There is an amber flash as a scroll labeled VELOX NEB hits the altar.
 A scroll labeled ZELGO MER lands on the altar.
 A golden potion lands on the altar.
 A yellow potion lands on the altar.
 A green gem lands on the altar.
 w - a cursed food ration.
 v - an uncursed scroll labeled GHOTI.
 D - a blessed scroll labeled VELOX NEB.
 y - an uncursed scroll labeled ZELGO MER.
 z - an uncursed golden potion.
 x - an uncursed yellow potion.
 E - an uncursed green gem.
 The rothe hits!
 The rothe bites!
 The rothe bites again!
 You have no ammunition readied.
 What do you want to fire? [$bm or ?*] b
 You ready: b - 8 +0 daggers.
 In what direction? l
 The dagger hits the rothe.
 The rothe hits!
 The rothe just misses!
 The rothe bites!
 In what direction? l
 You throw 2 daggers.
 The 1st dagger hits the rothe.
 The 2nd dagger hits the rothe.
 You kill the rothe!
 b - 3 +0 daggers (at the ready) (8 in total).
 You see here a rothe corpse.
 There is a rothe corpse here; eat it? [ynq] (n) y
 This rothe corpse tastes terrible!
 You finish eating the rothe corpse.
 In what direction? n
 You throw 2 daggers.
 The 1st dagger hits the rothe.
 The 2nd dagger hits the rothe.
 The rothe hits!
 The rothe bites!
 The rothe bites again!
 In what direction? n
 The dagger hits the rothe.
 The rothe hits!
 The rothe bites!
 The rothe bites again!
 You die...
 Do you want your possessions identified? [ynq] (y) y
 Do you want to see your attributes? [ynq] (y) y
 Do you want an account of creatures vanquished? [ynaq] (y) q

Inventory:
 Coins    ('$')
  $ - 98 gold pieces
 Weapons  (')')
  b - 5 +0 daggers (at the ready)
  B - the -1 Sting (weapon in right hand)
  m - the blessed +0 Snickersnee
 Armor    ('[')
  C - an uncursed +0 orcish helm (being worn)
  c - an uncursed +1 leather armor (being worn)
 Comestibles  ('%')
  w - a cursed food ration
 Scrolls  ('?')
  v - an uncursed scroll of amnesia
  y - an uncursed scroll of create monster
  D - a blessed scroll of identify
  k - an uncursed scroll of identify
 Potions  ('!')
  g - a blessed potion of extra healing
  h - an uncursed potion of gain energy
  n - an uncursed potion of healing
  z - an uncursed potion of see invisible
  x - an uncursed potion of speed
  d - 2 potions of holy water
 Wands    ('/')
  p - a blessed wand of fire (0:8)
 Tools    ('(')
  f - an empty uncursed sack
  e - an uncursed lock pick
  j - an uncursed tin whistle
 Gems/Stones  ('*')
  E - an uncursed worthless piece of green glass

Brudee the Rogue's attributes:

Background:
 You were a Cutpurse, a level 4 female human Rogue.
 You were chaotic, on a mission for Kos
 who was opposed by Issek (lawful) and Mog (neutral).
 You were right-handed.
 You were in the Dungeons of Doom, on level 5.
 You entered the dungeon 1914 turns ago.
 It was nighttime.
 There was a full moon in effect when your adventure ended.
 You had 103 experience points, 57 more were needed to attain level 5.
 Your score was 810 before end-of-game adjustments.

Basics:
 You had 0 out of 37 hit points.
 You had all 21 energy points (spell power).
 Your armor class was 6.
 Your wallet contained 98 zorkmids.
 Autopickup was on for '$!=+?/"' plus thrown.

Final Characteristics:
 Your strength was 13 (limit:18/100).
 Your dexterity was 18 (limit:18).
 Your constitution was 9 (limit:18).
 Your intelligence was 12 (limit:18).
 Your wisdom was 14 (limit:18).
 Your charisma was 10 (limit:18).

Final Status:
 You weren't hungry.
 You were unencumbered.
 You were wielding a dagger.
 You had basic skill with dagger.

Final Attributes:
 You were devoutly aligned.
 You were telepathic.
 You were aware of the presence of orcs.
 You were stealthy.
 You were warded.
 You were lucky.
 You are dead.

Miscellaneous:
 You didn't encounter any bones levels.
 Total elapsed playing time was 21 minutes and 23 seconds.

Major events:
 Turn
    1: Brudee the chaotic female human Rogue entered the dungeon
  601: found Snickersnee on the floor
  956: attained the rank of Cutpurse (level 3)
 1176: entered the Gnomish Mines
 1312: became literate by naming Sting
 1914: killed by a rothe

You didn't know any spells.

Skills:
 Fighting Skills
   bare handed combat [Unskilled]
   two weapon combat  [Unskilled]
   riding             [Unskilled]
 Weapon Skills
   dagger             [Basic]
   knife              [Unskilled]
   short sword        [Basic]
   broadsword         [Unskilled]
   long sword         [Unskilled]
   two-handed sword   [Unskilled]
   saber              [Unskilled]
   club               [Unskilled]
   mace               [Unskilled]
   morning star       [Unskilled]
   flail              [Unskilled]
   hammer             [Unskilled]
   polearms           [Unskilled]
   spear              [Unskilled]
   crossbow           [Unskilled]
   dart               [Unskilled]
   shuriken           [Unskilled]
 Spellcasting Skills
   divination spells  [Unskilled]
   escape spells      [Unskilled]
   matter spells      [Unskilled]

Voluntary challenges:
 Character rerolling was not enabled.
 You never genocided any monsters.
 You never polymorphed an object.
 You never changed form.
 You used no wishes.
Achievements:
 You attained the rank of Cutpurse.
 You entered the Gnomish Mines.

 The Dungeons of Doom: levels 1 to 7
    Level 1:
       A fountain.
    Level 2:
       An altar to Kos, a fountain, a sink, a grave.
    Level 3:
       Many fountains.
    Level 4:
       A fountain.
       Stairs down to The Gnomish Mines.
    Level 5: <- You were here.
       An altar, some fountains.
       Final resting place for
          you, killed by a rothe.
    Level 6:
    Level 7:
 The Gnomish Mines:
    Level 5:


Vanquished creatures:
  a giant ant
  a little dog
  a floating eye
  a kobold leader
  a rothe
  2 dwarf zombies
  2 iguanas
  a large kobold
  a hobgoblin
  a giant rat
  a green mold
  a gecko
  7 jackals
  a kobold
  a sewer rat
  5 grid bugs
  4 lichens
  4 newts
36 creatures vanquished.

No species were genocided or became extinct.

Game over:
                       ----------
                      /          \
                     /    REST    \
                    /      IN      \
                   /     PEACE      \
                  /                  \
                  |      Brudee      |
                  |      98 Au       |
                  |   killed by a    |
                  |      rothe       |
                  |                  |
                  |                  |
                  |       2026       |
                 *|     *  *  *      | *
        _________)/\\_//(\/(/\)/\//\/|_)_______

Goodbye Brudee the Rogue...

You died in The Dungeons of Doom on dungeon level 5 with 801 points,
and 98 pieces of gold, after 1914 moves.
You were level 4 with a maximum of 37 hit points when you died.

